 Dungeon Crawl Stone Soup version 0.27.0-1-g7a089689b8 (webtiles) character file.

Game seed: 5745400785787478056

4128 ZombieSheep the Cleaver (level 10, -3/82 HPs)
             Began as a Gnoll Wanderer on Aug 6, 2021.
             Was a Believer of Wu Jian.
             Succumbed to a hornet's poison
             ... on level 9 of the Dungeon.
             The game lasted 00:24:04 (10840 turns).

ZombieSheep the Cleaver (Gnoll Wanderer)           Turns: 10840, Time: 00:24:05

Health: -3/82      AC: 11    Str: 15    XL:     10   Next: 27%
Magic:  5/5        EV: 17    Int: 12    God:    Wu Jian [**....]
Gold:   578        SH: 11    Dex: 11    Spells: 19/19 levels left

rFire    . . .     SeeInvis .   H - +2 war axe (antimagic)
rCold    + . .     Faith    .   i - +1 buckler
rNeg     . . .     Spirit   .   F - +0 steam dragon scales
rPois    .         Reflect  +   n - +0 helmet
rElec    .         Harm     .   D - +1 cloak {Stlth+}
rCorr    .         Rampage  .   x - +0 pair of gloves
Will     .....                  (no boots)
Stlth    ++++......             p - amulet of reflection
HPRegen  0.23/turn              l - ring of protection from cold
MPRegen  0.09/turn              u - +4 ring of evasion

@: lethally poisoned (-3 -> -29), slowed, very slow
A: fangs 1, strong nose, distributed training
a: Renounce Religion, Wall Jump


You were on level 9 of the Dungeon.
You worshipped Wu Jian.
Wu Jian was pleased with you.
You visited 2 branches of the dungeon, and saw 10 of its levels.

You collected 578 gold pieces.

Inventory:

Hand Weapons
 a - a +2 hand axe
 d - a +2 mace of draining
 q - a +0 war axe
 r - a +2 dagger of speed
 G - a +0 battleaxe
 H - a +2 antimagic war axe (weapon)
 I - a +0 morningstar
Missiles
 t - 2 silver boomerangs (quivered)
Armour
 h - a +0 ring mail
 i - a +1 buckler (worn)
 n - a +0 helmet (worn)
 x - a +0 pair of gloves (worn)
 B - a +0 scale mail
 D - a +1 cloak of stealth (worn)
 F - +0 steam dragon scales (worn)
Jewellery
 c - a ring of wizardry
 g - an amulet of guardian spirit
 j - an amulet of faith
 l - a ring of protection from cold (left hand)
 p - an amulet of reflection (around neck)
 u - a +4 ring of evasion (right hand)
 C - a ring of magical power
 E - a ring of fire
Wands
 w - a wand of charming (3)
Scrolls
 s - 7 scrolls of teleportation
 y - a scroll of amnesia
 z - a scroll of enchant armour
Potions
 b - 3 potions of curing
 e - a potion of brilliance
 f - 2 potions of magic
 k - 2 potions of attraction
 m - a potion of mutation
 o - a potion of resistance
 v - a potion of invisibility


   Skills:
 + Level 8.4 Fighting
 + Level 5.1 Short Blades
 + Level 5.1 Long Blades
 + Level 8.4 Axes
 + Level 5.1 Maces & Flails
 + Level 5.1 Polearms
 + Level 5.1 Staves
 + Level 5.1 Slings
 + Level 5.1 Bows
 + Level 5.1 Crossbows
 + Level 6.9 Throwing
 + Level 6.9 Armour
 + Level 5.1 Dodging
 + Level 5.1 Stealth
 + Level 5.1 Shields
 + Level 5.1 Unarmed Combat
 + Level 5.1 Spellcasting
 + Level 4.2 Conjurations
 + Level 4.2 Hexes
 + Level 4.2 Summonings
 + Level 4.2 Necromancy
 + Level 4.2 Translocations
 + Level 4.2 Transmutations
 + Level 4.2 Fire Magic
 + Level 4.2 Ice Magic
 + Level 4.2 Air Magic
 + Level 4.2 Earth Magic
 + Level 4.2 Poison Magic
 + Level 5.6 Invocations
 + Level 5.1 Evocations


You had 19 spell levels left.
You didn't know any spells.
Your spell library contained the following spells:

 Spells                   Type           Power      Damage    Failure   Level
 Animate Skeleton         Necr           26%        N/A       3%          1
 Beastly Appendage        Tmut           26%        N/A       3%          1
 Corona                   Hex            14%        N/A       3%          1
 Pain                     Necr           52%        1d6       3%          1
 Ensorcelled Hibernation  Hex/Ice        26%        N/A       5%          2
 Slow                     Hex            13%        N/A       5%          2
 Wereblood                Tmut           13%        N/A       5%          2
 Confusing Touch          Hex            13%        N/A       11%         3
 Gell's Gravitas          Tloc           6%         N/A       11%         3
 Spider Form              Tmut/Pois      6%         N/A       11%         3
 Teleport Other           Tloc           13%        N/A       11%         3
 Tukima's Dance           Hex            13%        N/A       11%         3
 Vampiric Draining        Necr           6%         2d6       11%         3
 Hailstorm                Conj/Ice       13%        3d5       34%         4
 Ice Form                 Ice/Tmut       13%        N/A       34%         4
 Yara's Violent Unravell  Hex/Tmut       6%         3d5       67%         5
 Dispersal                Tloc           6%         N/A       99%         6
 Simulacrum               Ice/Necr       6%         N/A       99%         6


Dungeon Overview and Level Annotations

Branches:
Dungeon (9/15)             Temple (1/1) D:5
   Lair: D:8-11         Orc: D:9-12

Altars:
Cheibriados
Dithmenos
Elyvilon
Fedhas
Gozag
Hepliaklqana
Kikubaaqudgha
Makhleb
Nemelex Xobeh
Okawaru
Qazlal
Ru
Sif Muna
Trog
Uskayaw
Wu Jian
Xom
Yredelemnul
Zin
The Shining One

Shops:
D:5 [

Annotations:
D:8 1 runed translucent door


Innate Abilities, Weirdness & Mutations

You have very sharp teeth.
Your uncanny sense of smell can sniff out nearby items.
Your experience applies equally to all skills.


Message History

You closely miss the hornet. You bite the hornet, but do no damage.
The hornet is moderately wounded.
You feel yourself speed up. You block the hornet's attack.
The hornet stings you but does no damage.
You miss the hornet.
The hornet is moderately wounded.
The hornet barely misses you. The hornet stings you!
You suddenly lose the ability to move!
The hornet stings you.
You are poisoned.
You feel yourself slow down.
You feel very sick. The hornet stings you!
You are more poisoned.
You feel as though you will be slow longer.
The hornet stings you!
You are more poisoned.
You shrug off the repeated paralysis!
You can move again.
Unknown command.
You barely miss the hornet. Your bite misses the hornet.
The hornet is moderately wounded.
You feel extremely sick. You block the hornet's attack.
The hornet stings you but does no damage.
You miss the hornet.
The hornet is moderately wounded.
* * * LOW HITPOINT WARNING * * *
You feel extremely sick. You block the hornet's attack. The hornet stings you!
* * * LOW HITPOINT WARNING * * *
You shrug off the repeated paralysis!
The hornet stings you.
* * * LOW HITPOINT WARNING * * *
You are more poisoned.
You shrug off the repeated paralysis!
Unknown command.
You completely miss the hornet. Your bite misses the hornet.
The hornet is moderately wounded.
You die...

#......####
######....# ###
#....# ########.#
#....#
#..##....#####.....
#.........>...#+##.
#.......#.....# .
#.......#.....#
#.@.....+.....#
#.y######.....#
#..# .....### #...
#.....# #...
#.....# #.... #....
#....#


You could see a hornet.

Vanquished Creatures
  Pikel (D:8)
  A yak (D:8)
  A wyvern (D:8)
  A steam dragon (D:8)
  Menkaure (D:4)
  3 water moccasins
  3 orc warriors
  3 sky beasts
  2 ice beasts
  An ogre (D:5)
  2 centaurs
  A lemure (D:8)
  A kobold brigand (D:8)
  A bullfrog (D:7)
  A wyvern zombie (D:7)
  6 scorpions
  A water moccasin skeleton (D:5)
  A bullfrog zombie (D:5)
  A centaur zombie (D:4)
  A gnoll shaman (D:8)
  A jelly (D:6)
  2 centaur skeletons (D:6)
  3 hounds (D:5)
  Crazy Yiuf (D:6)
  3 bullfrog skeletons
  4 orc wizards
  An iguana (D:6)
  9 gnolls
  A howler monkey skeleton (D:5)
  3 adders
  A white imp (D:6)
  2 ufetubi
  3 worms
  A dart slug (D:2)
  16 orcs
  7 bats
  4 endoplasms
  3 giant cockroaches
  6 goblins
  8 hobgoblins
  9 jackals
  8 quokkas
  11 ball pythons
  6 frilled lizards
  13 kobolds
  7 rats
166 creatures vanquished.

Vanquished Creatures (collateral kills)
  5 yaks (D:8)
  An orc priest (D:8)
  An orc (D:8)
7 creatures vanquished.

Grand Total: 173 creatures vanquished

Notes
Turn   | Place    | Note
-------+----------+-------------------------------------------
     0 | D:1      | ZombieSheep the Gnoll Wanderer began the quest for the Orb.
     0 | D:1      | ZombieSheep set off with the following items: a +2 hand
                  | axe, a potion of curing, a potion of lignification, a +0
                  | robe
     0 | D:1      | Reached XP level 1. HP: 23/23 MP: 1/1
   270 | D:1      | Reached XP level 2. HP: 17/29 MP: 2/2
   847 | D:1      | Reached XP level 3. HP: 35/35 MP: 3/3
  1337 | D:1      | Found a shimmering blue altar of Sif Muna.
  1734 | D:2      | Reached skill level 1 in Invocations
  2225 | D:2      | Reached skill level 1 in Short Blades
  2225 | D:2      | Reached skill level 1 in Long Blades
  2225 | D:2      | Reached skill level 1 in Maces & Flails
  2225 | D:2      | Reached skill level 1 in Polearms
  2225 | D:2      | Reached skill level 1 in Staves
  2225 | D:2      | Reached skill level 1 in Slings
  2225 | D:2      | Reached skill level 1 in Bows
  2225 | D:2      | Reached skill level 1 in Crossbows
  2225 | D:2      | Reached skill level 1 in Dodging
  2225 | D:2      | Reached skill level 1 in Stealth
  2225 | D:2      | Reached skill level 1 in Shields
  2225 | D:2      | Reached skill level 1 in Unarmed Combat
  2225 | D:2      | Reached skill level 1 in Spellcasting
  2225 | D:2      | Reached skill level 1 in Evocations
  2446 | D:2      | Reached XP level 4. HP: 35/41 MP: 5/5
  2591 | D:3      | Noticed a water moccasin
  2611 | D:3      | Killed a water moccasin
  2612 | D:3      | Reached skill level 1 in Conjurations
  2612 | D:3      | Reached skill level 1 in Hexes
  2612 | D:3      | Reached skill level 1 in Summonings
  2612 | D:3      | Reached skill level 1 in Necromancy
  2612 | D:3      | Reached skill level 1 in Translocations
  2612 | D:3      | Reached skill level 1 in Transmutations
  2612 | D:3      | Reached skill level 1 in Fire Magic
  2612 | D:3      | Reached skill level 1 in Ice Magic
  2612 | D:3      | Reached skill level 1 in Air Magic
  2612 | D:3      | Reached skill level 1 in Earth Magic
  2612 | D:3      | Reached skill level 1 in Poison Magic
  2612 | D:3      | Reached XP level 5. HP: 36/47 MP: 5/7
  2979 | D:3      | Reached XP level 6. HP: 24/53 MP: 8/8
  3528 | D:4      | Learned a level 2 spell: Slow
  3598 | D:4      | Reached skill level 5 in Throwing
  3598 | D:4      | Reached skill level 5 in Armour
  3803 | D:4      | Noticed Menkaure
  3820 | D:4      | Killed Menkaure
  3821 | D:4      | Reached XP level 7. HP: 35/59 MP: 10/10
  4270 | D:4      | Found a stormy altar of Qazlal.
  4530 | D:5      | Entered Level 5 of the Dungeon
  5060 | D:5      | Found a staircase to the Ecumenical Temple.
  5126 | Temple   | Entered the Ecumenical Temple
  5405 | D:5      | Reached XP level 8. HP: 62/67 MP: 12/12
  5600 | D:5      | Found a sacrificial altar of Ru.
  5606 | D:5      | Found a shadowy altar of Dithmenos.
  5715 | D:5      | Found Ataogio's Antique Armour Shop.
  5822 | Temple   | Became a worshipper of the Wu Jian Council
  5901 | D:6      | Found a runed translucent door.
  5902 | D:6      | Noticed Crazy Yiuf
  6257 | D:6      | Found a hazy altar of Hepliaklqana.
  7331 | D:6      | Killed Crazy Yiuf
  7530 | D:7      | Reached XP level 9. HP: 69/72 MP: 14/14
  7613 | D:7      | Reached * piety under Wu Jian
  7669 | D:7      | Found a white marble altar of Elyvilon.
  7670 | D:7      | Found a bloodstained altar of Trog.
  7673 | D:7      | Found an ancient bone altar of Kikubaaqudgha.
  7676 | D:7      | Found a shimmering altar of Xom.
  7676 | D:7      | Found an opulent altar of Gozag.
  7677 | D:7      | Found a glowing silver altar of Zin.
  8479 | D:8      | Found a runed translucent door.
  8751 | D:8      | Found a hide-covered altar of Uskayaw.
  9039 | D:8      | Reached skill level 5 in Invocations
  9094 | D:8      | Reached ** piety under Wu Jian
  9095 | D:8      | Reached XP level 10. HP: 59/80 MP: 17/17
 10077 | D:8      | Reached skill level 5 in Short Blades
 10077 | D:8      | Reached skill level 5 in Long Blades
 10077 | D:8      | Reached skill level 5 in Maces & Flails
 10077 | D:8      | Reached skill level 5 in Polearms
 10077 | D:8      | Reached skill level 5 in Staves
 10077 | D:8      | Reached skill level 5 in Slings
 10077 | D:8      | Reached skill level 5 in Bows
 10077 | D:8      | Reached skill level 5 in Crossbows
 10077 | D:8      | Reached skill level 5 in Dodging
 10077 | D:8      | Reached skill level 5 in Stealth
 10077 | D:8      | Reached skill level 5 in Shields
 10077 | D:8      | Reached skill level 5 in Unarmed Combat
 10077 | D:8      | Reached skill level 5 in Spellcasting
 10077 | D:8      | Reached skill level 5 in Evocations
 10285 | D:9      | Noticed Pikel
 10330 | D:8      | Killed Pikel
 10531 | D:9      | Paralysed by a hornet for 3 turns
 10835 | D:9      | Paralysed by a hornet for 3 turns
 10840 | D:9      | Succumbed to a hornet's poison

Illustrated notes

Levels and vault maps discovered:
D:1:      saegor_arrival_simple_c, layout_loops_corners, kennysheep_flooded_box
D:2:      layout_basic
D:3:      layout_rooms, minmay_fractal_squares_diagonal_5
D:4:      layout_loops_cross, grunt_qazlal_sundering, uniq_menkaure
D:5:      wad_pebble_path, layout_loops_corners,
          amethyst_overflow_temple_binary, minmay_temple_entry_grid,
          serial_shops, nicolae_shop_behind_doors, kennysheep_cross_room,
          hangedman_decor_push, dk_noncrumbling_3
D:6:      layout_cave_pools, nicolae_hepliaklqana_hippocampus,
          uniq_crazy_yiuf_cottage
D:7:      layout_rooms, grunt_temple_overflow_open
D:8:      layout_basic, lemuel_crystal_altar, lightli_church_of_beogh
D:9:      layout_gridville, mainiacjoe_overflow_brackets,
          mainiacjoe_overflow_alcove_1, uniq_pikel, uniq_joseph
Temple:   nicolae_temple_figure_zero

Skill      XL: |  1  2  3  4  5  6  7  8  9 10 |
---------------+-------------------------------+-----
Invocations    | 1 2 3 4 5 |  5.6
Short Blades   | 1 2 3 4 5 |  5.1
Long Blades    | 1 2 3 4 5 |  5.1
Maces & Flails | 1 2 3 4 5 |  5.1
Polearms       | 1 2 3 4 5 |  5.1
Staves         | 1 2 3 4 5 |  5.1
Slings         | 1 2 3 4 5 |  5.1
Bows           | 1 2 3 4 5 |  5.1
Crossbows      | 1 2 3 4 5 |  5.1
Dodging        | 1 2 3 4 5 |  5.1
Stealth        | 1 2 3 4 5 |  5.1
Shields        | 1 2 3 4 5 |  5.1
Unarmed Combat | 1 2 3 4 5 |  5.1
Spellcasting   | 1 2 3 4 5 |  5.1
Evocations     | 1 2 3 4 5 |  5.1
Conjurations   | 1 2 3 4 |  4.2
Hexes          | 1 2 3 4 |  4.2
Summonings     | 1 2 3 4 |  4.2
Necromancy     | 1 2 3 4 |  4.2
Translocations | 1 2 3 4 |  4.2
Transmutations | 1 2 3 4 |  4.2
Fire Magic     | 1 2 3 4 |  4.2
Ice Magic      | 1 2 3 4 |  4.2
Air Magic      | 1 2 3 4 |  4.2
Earth Magic    | 1 2 3 4 |  4.2
Poison Magic   | 1 2 3 4 |  4.2
Throwing       | 5 6 |  6.9
Armour         | 5 6 |  6.9
Fighting       | 7 8 |  8.4
Axes           | 7 8 |  8.4

Action                   |  1- 3 |  4- 6 |  7- 9 | 10-12 || total
-------------------------+-------+-------+-------+-------++-------
Melee: Hand axe          |   145 |   121 |   463 |    60 ||   789
       Bite              |     9 |     9 |    52 |    16 ||    86
       Punch             |       |       |     2 |       ||     2
       War axe           |       |       |       |    67 ||    67
Throw: Boomerang         |       |       |    12 |     2 ||    14
Invok: Lunge             |       |       |    12 |     2 ||    14
       Whirlwind         |       |       |     7 |     4 ||    11
 Abil: Wall Jump         |       |       |       |     2 ||     2
Evoke: Wand              |       |       |     5 |     5 ||    10
  Use: Scroll            |     3 |     8 |     7 |       ||    18
       Potion            |       |     3 |     1 |     2 ||     6
 Stab: Sleeping          |       |       |     1 |       ||     1
       Confused          |       |       |     1 |       ||     1
Armor: Robe              |     9 |       |       |       ||     9
       Ring mail         |    36 |    22 |    73 |       ||   131
       Skin              |       |    25 |       |       ||    25
       Scale mail        |       |       |    39 |       ||    39
       Steam dragon scal |       |       |     4 |    15 ||    19
Dodge: Dodged            |    69 |    44 |   196 |    57 ||   366
Block: Other             |     3 |    22 |    46 |       ||    71
       Reflection        |       |       |     4 |     2 ||     6
       Buckler           |       |       |   100 |    60 ||   160
